AoeStats
← Benitodelamuert

Arabia

508501757Analyzed
3v3 RM · 11d ago on Sep 22, 2026· 63m 9s· 6 players
Game mode
Random Map
Map size
Normal (6 player)
Population
200
Speed
Normal
Resources
Standard
Victory
Conquest
Starting age
Dark Age
Ending age
Imperial Age
RankedLock teamsTeams togetherTeam positionsShared explorationLock speedFull tech treeHidden civsTurbo modeCheats
Victory
Defeat
🇵🇹 Sicilians · Portugal
825
+6
🇫🇷 Franks · France
755
+8
🇺🇸 Teutons · United States
677
+10
🇫🇷 Malay · France
567
-8
🇫🇷 Inca · France
567
-8
🇫🇷 Dravidians · France
559
-8
CRUSADER
0:45 Loom
10:49 Feudal Age
19:40 Castle Age
18:41 Scale Barding Armor
20:21 Forging
21:31 Chain Barding Armor
23:24 Iron Casting
23:07 Town Watch
25:09 Fletching
25:22 Town Patrol
27:43 Bodkin Arrow
28:26 Wheelbarrow
31:19 Gold Mining
35:46 Imperial Age
33:47 Double-Bit Axe
34:42 Gold Shaft Mining
35:24 Stone Mining
35:58 Husbandry
36:14 Cavalier
37:50 Hand Cart
37:39 Paladin
39:00 Plate Barding Armor
40:52 Conscription
40:40 Capped Ram
42:55 Blast Furnace
44:22 Scale Mail Armor
45:41 Onager
47:07 Hoardings
47:59 Light Cavalry
49:41 Chain Mail Armor
51:02 Plate Mail Armor
50:25 Elite Throwing Axeman
51:47 Caravan
52:35 Man-at-Arms
53:42 Heavy Scorpion
55:42 Squires
56:43 Pikeman
61:46 Chemistry
61:09 Ballistics
61:00 Masonry
60:46 Murder Holes
61:11 Bow Saw
FuzzyOctopus7
6:07 Loom
9:15 Feudal Age
13:54 Double-Bit Axe
17:17 Horse Collar
21:19 Castle Age
21:07 Forging
26:11 Gold Mining
26:15 Stone Mining
32:36 Bow Saw
32:28 Heavy Plow
38:16 Imperial Age
36:36 Scale Mail Armor
37:11 Iron Casting
36:46 Scale Barding Armor
36:43 Padded Archer Armor
36:33 Fletching
36:59 Heated Shot
37:21 Fortified Wall
37:32 Ballistics
37:42 Bloodlines
36:55 Pikeman
37:36 Squires
37:56 Caravan
39:16 Wheelbarrow
38:27 Town Watch
38:19 Cavalier
40:04 Chemistry
40:19 Stone Shaft Mining
40:14 Hand Cart
40:01 Elite Teutonic Knight
42:16 Conscription
42:18 Town Patrol
42:44 Chain Barding Armor
42:42 Chain Mail Armor
43:28 Blast Furnace
42:24 Arson
SLUG
11:41 Feudal Age
14:54 Town Watch
24:57 Castle Age
25:41 Horse Collar
30:39 Bloodlines
31:31 Loom
32:53 Wheelbarrow
34:54 First Crusade
36:40 Scale Mail Armor
36:54 Forging
36:51 Scale Barding Armor
37:20 Heavy Plow
37:36 Stone Mining
39:29 Double-Bit Axe
44:00 Imperial Age
43:18 Husbandry
44:05 Chain Mail Armor
44:33 Gold Mining
45:10 Hand Cart
45:07 Town Patrol
45:29 Cavalier
47:17 Conscription
47:43 Hoardings
50:10 Gold Shaft Mining
50:16 Stone Shaft Mining
49:54 Bow Saw
51:37 Iron Casting
51:23 Chain Barding Armor
51:14 Hauberk
50:58 Elite Serjeant
54:36 Murder Holes
55:02 Ballistics
61:36 Spies/Treason
saucisse
0:47 Loom
11:48 Feudal Age
13:15 Man-at-Arms
19:20 Double-Bit Axe
33:06 Castle Age
36:08 Pikeman
36:49 Squires
36:34 Arson
38:01 Crossbowman
44:18 Bow Saw
47:22 Thalassocracy
60:03 Imperial Age
Matyouz
0:54 Loom
15:31 Feudal Age
15:36 Man-at-Arms
18:25 Wheelbarrow
26:39 Castle Age
25:41 Double-Bit Axe
26:33 Fletching
26:43 Padded Archer Armor
28:03 Bow Saw
28:36 Stone Mining
28:37 Gold Mining
31:22 Squires
36:32 Pikeman
38:00 Hand Cart
39:25 Caravan
40:07 Arson
42:25 Long Swordsman
47:36 Imperial Age
48:14 Halberdier
50:49 Chemistry
51:26 Forging
51:20 Scale Mail Armor
51:39 Leather Archer Armor
Benitodelamuert
13:41 Feudal Age
11:57 Loom
21:24 Fletching
21:34 Padded Archer Armor
26:32 Double-Bit Axe
26:56 Champi Runner
31:01 Horse Collar
33:52 Castle Age
40:07 Imperial Age
39:02 Pikeman
41:10 Wheelbarrow
41:31 Bow Saw
42:29 Forging
42:23 Scale Mail Armor
44:01 Champi Warrior
45:04 Halberdier
45:45 Squires
47:33 Iron Casting
47:14 Chain Mail Armor
Connection lost

Rejoining the realm…

Still unreachable

The connection could not be restored.

Session expired

The server has moved on; the page needs a fresh start.